General information
- name: Flayl < | >
- type: Custom game
- host: Flayl
- saver: lljkMata
map: SecretValley
- players: 2
- length: 14:40
- speed: Fast
- version: 1.21 W3XP
- replay type: Public
» download(99 KB)
Players
team 1 (winner)
Flayl (
red | 79 APM | 1154 actions | 14:40)
4 Death Knight
2 Unholy Aura
2 Death Coil
» actions
| Assign group hotkey | 42 | |
| Basic commands | 8 | |
| Build / train | 42 | |
| ESC pressed | 1 | |
| Enter build submenu | 14 | |
| Enter hero's abilities submenu | 5 | |
| Remove unit from queue | 3 | |
| Right click | 656 | |
| Select / deselect | 193 | |
| Select group hotkey | 155 | |
| Use ability | 35 | |
1154 total
» units
| Acolyte | 2 | |
| Ghoul | 4 | |
| Gargoyle | 15 | |
| Frost Wyrm | 1 | |
22 total
» upgrades
» buildings
| Altar of Darkness | 1 | |
| Ziggurat | 5 | |
| Crypt | 2 | |
| Tomb of Relics | 2 | |
| Graveyard | 1 | |
| Halls of the Dead | 1 | |
| Nerubian Tower | 1 | |
| Black Citadel | 1 | |
| Sacrificial Pit | 1 | |
| Boneyard | 1 | |
| Spirit Tower | 1 | |
| Slaughterhouse | 1 | |
18 total
» build order
00:05 Altar of Darkness
00:09 Ziggurat
00:31 Crypt
00:51 Tomb of Relics
01:14 Ziggurat
01:27 Graveyard
02:41 Halls of the Dead
02:57 Ziggurat
03:38 Crypt
03:52 Nerubian Tower
05:31 Ziggurat
06:05 Black Citadel
06:25 Sacrificial Pit
08:01 Ziggurat
08:32 Boneyard
09:41 Spirit Tower
10:20 Tomb of Relics
13:07 Slaughterhouse
» items
| Rod of Necromancy | 2 | |
| Potion of Healing | 4 | |
| Potion of Mana | 2 | |
8 total
team 2 (loser)
lljkMata (
green | 202 APM | 2970 actions | 14:40)
4 Demon Hunter
2 Mana Burn
2 Evasion
2 Naga Sea Witch
1 Frost Arrows
1 Forked Lightning
» actions
| Assign group hotkey | 261 | |
| Basic commands | 5 | |
| Build / train | 51 | |
| Enter build submenu | 18 | |
| Enter hero's abilities submenu | 6 | |
| Give item / drop item | 1 | |
| Right click | 1559 | |
| Select / deselect | 650 | |
| Select group hotkey | 374 | |
| Use ability | 45 | |
2970 total
» units
| Wisp | 17 | |
| Archer | 6 | |
| Dryad | 8 | |
| Hippogryph | 2 | |
33 total
» upgrades
| Strength of the Wild | 1 | |
| Reinforced Hides | 1 | |
| Abolish Magic | 1 | |
3 total
» buildings
| Altar of Elders | 1 | |
| Moon Well | 6 | |
| Ancient of War | 1 | |
| Tree of Ages | 2 | |
| Hunter's Hall | 1 | |
| Ancient Protector | 2 | |
| Ancient of Lore | 2 | |
| Tree of Eternity | 1 | |
| Ancient of Wind | 1 | |
| Ancient of Wonders | 1 | |
| Tree of Life | 1 | |
19 total
» build order
00:03 Altar of Elders
00:16 Moon Well
00:30 Ancient of War
01:30 Moon Well
03:41 Tree of Ages
03:41 Tree of Ages
03:48 Hunter's Hall
05:26 Moon Well
05:26 Moon Well
06:08 Ancient Protector
06:10 Ancient Protector
06:26 Ancient of Lore
06:27 Ancient of Lore
09:46 Tree of Eternity
10:29 Ancient of Wind
12:29 Ancient of Wonders
13:51 Tree of Life
13:58 Moon Well
13:58 Moon Well
Chat log
(00:24 / All) lljkMata: gl | hf
(01:04 / All) lljkMata: so what if you win your own tourney
(01:10 / All) Flayl: ~that wont happen